 Dungeon Crawl Stone Soup version 0.21.1-1-g345015f (webtiles) character file.

938 inc the Chiller (level 7, -1/27 HPs)
             Began as a Felid Wizard on Feb 27, 2018.
             Was a Follower of Ashenzari.
             Slain by a vampire mosquito (9 damage)
             ... on level 8 of the Dungeon.
             The game lasted 00:21:33 (9226 turns).

inc the Chiller (Felid Wizard)                      Turns: 9226, Time: 00:21:34

Health: -1/27      AC:  2    Str:  3    XL:     7   Next: 87%
Magic:  0/12       EV: 17    Int: 22    God:    Ashenzari [*.....]
Gold:   364        SH:  0    Dex: 14    Spells: 0/12 levels left
                                        Lives:  0   Deaths: 2

rFire    . . .     SeeInvis +   (weapon unavailable)
rCold    . . .     Gourm    .   (shield unavailable)
rNeg     . . .     Faith    .   (armour unavailable)
rPois    .         Spirit   .   (helmet unavailable)
rElec    .         Reflect  .   (cloak unavailable)
rCorr    .         Harm     .   (gloves unavailable)
MR       +....                  (boots unavailable)
Stlth    +++.......             s - amulet of rage (curse)
HPRegen  0.09/turn              (no ring)
MPRegen  0.13/turn              (no ring)

@: quick
A: very small, no armour, no weapons or thrown items, stealth, claws 1, fangs 3,
see invisible, carnivore, speed 1, shaggy fur 2, slow metabolism 1, sharp paws
a: Curse Item, Scrying, Renounce Religion, Evoke Berserk Rage


You were on level 8 of the Dungeon.
You worshipped Ashenzari.
Ashenzari was aware of your devotion.
You were not hungry.

You visited 2 branches of the dungeon, and saw 9 of its levels.

You collected 364 gold pieces.

Inventory:

Jewellery
 s - a cursed amulet of rage (around neck)
Wands
 y - a wand of flame (23)
 z - a wand of polymorph (16)
 D - a wand of scattershot (7)
Scrolls
 e - 4 scrolls of fear {unknown}
 h - 2 scrolls of remove curse
 k - a scroll of random uselessness {unknown}
 l - 2 scrolls of teleportation {unknown}
 o - 2 scrolls of enchant weapon {unknown}
 q - 4 scrolls of fog {unknown}
 w - 2 scrolls of magic mapping {unknown}
 x - a scroll of holy word {unknown}
 A - 4 scrolls of identify
 B - a scroll of noise {unknown}
Potions
 c - a potion of mutation {unknown}
 d - 3 potions of degeneration
 f - 2 potions of agility {unknown}
 g - 2 potions of haste
 i - 2 potions of lignification {unknown}
 j - 5 potions of brilliance
 m - 2 potions of invisibility {unknown}
 n - 2 potions of heal wounds
 p - 2 potions of flight {unknown}
 t - a potion of berserk rage {unknown}
 u - 2 potions of curing {unknown}
 v - a potion of ambrosia {unknown}
 C - a potion of cancellation {unknown}
Books
 a - a book of Minor Magic

   Spells                             Type                      Level
   a - Magic Dart                     Conjuration                  1
   b - Blink                          Translocation                2
   c - Call Imp                       Summoning                    2
   d - Slow                           Hexes                        2
   e - Conjure Flame                  Conjuration/Fire             3
   f - Mephitic Cloud                 Conjuration/Poison/Air       3
 r - a book of Frost

   Spells                             Type                      Level
   a - Freeze                         Ice                          1
   b - Throw Frost                    Conjuration/Ice              2
   c - Ozocubu's Armour               Charms/Ice                   3
   d - Throw Icicle                   Conjuration/Ice              4
   e - Summon Ice Beast               Ice/Summoning                4
Comestibles
 b - 11 rations


   Skills:
 - Level 2.6 Dodging
 - Level 2.6 Stealth
 - Level 3.0 Spellcasting
 - Level 5.6 Conjurations
 - Level 5.5 Charms
 + Level 5.4 Summonings
   Level 1.5 Translocations
 + Level 6.6 Ice Magic


You couldn't memorise any spells.
You knew the following spells:

 Your Spells              Type           Power        Failure   Level  Hunger
a - Magic Dart            Conj           ####         1%          1    None
b - Ozocubu's Armour      Chrm/Ice       ####....     3%          3    ###....
c - Summon Ice Beast      Ice/Summ       ####....     11%         4    ####...
d - Throw Icicle          Conj/Ice       ####....     10%         4    ####...
e - Freeze                Ice            ####         1%          1    None


Dungeon Overview and Level Annotations

Branches:
Dungeon (8/15)             Temple (1/1) D:6
   Lair: D:8-11

Altars:
Ashenzari
Dithmenos
Elyvilon
Gozag
Hepliaklqana
Kikubaaqudgha
Makhleb
Nemelex Xobeh
Okawaru
Qazlal
Sif Muna
Trog
Vehumet
Wu Jian
Xom
Yredelemnul
Zin
The Shining One
Lugonu

Shops:
D:6 [

Annotations:
D:3 bmj180's ghost, amateur MfFi
D:4 Pikel
D:7 Dowan; Duvessa
D:8 Grum


Innate Abilities, Weirdness & Mutations

You cannot wear armour.
You are incapable of wielding weapons or throwing items.
Your paws allow you to move quietly. (Stealth)
You have sharp claws.
You have razor-sharp teeth.
You have supernaturally acute eyesight. (SInv)
You are carnivorous and can eat meat at any time.
You cover ground quickly.
You are covered in thick fur. (AC +2)
You have a slow metabolism.
Your sharp claws are effective at attacking unaware monsters.


Message History

Casting: Freeze
Confirm with . or Enter, or press ? or * to list all spells.
Aiming: Freeze
Press: ? - help, Shift-Dir - straight line, f/p - vampire mosquito
Aim: a vampire mosquito You freeze the vampire mosquito.
The vampire mosquito is moderately damaged.
The vampire mosquito bites you!
* * * LOW HITPOINT WARNING * * *
The vampire mosquito draws strength from your injuries!
The vampire mosquito barely misses you.
Casting: Freeze
Confirm with . or Enter, or press ? or * to list all spells.
Aiming: Freeze
Press: ? - help, Shift-Dir - straight line, f/p - vampire mosquito
Aim: a vampire mosquito You freeze the vampire mosquito.
The vampire mosquito is lightly damaged.
The vampire mosquito bites you!
You die...

# ##############
..####....O.y@....#
.........>#######.#
........#.# ..#.#.#
#.####..#.# #.#.#.#
#..#.#.#.#.#.#
#.O#.#...<...#
#..#.#...#.###
...#.........
..............#


You could see a two-headed ogre and a vampire mosquito.

Vanquished Creatures
  Prince Ribbit (D:5)
  2 hogs (D:6)
  A human (D:5)
  A yak (D:6)
  A vampire mosquito (D:8)
  Menkaure (D:5)
  3 sky beasts (D:5)
  A wolf (D:7)
  2 ogres
  A bullfrog (D:6)
  2 crimson imps
  2 hounds
  An orc priest (D:7)
  Terence (D:2)
  3 worker ants
  A killer bee zombie (D:5)
  A howler monkey zombie (D:5)
  4 gnolls
  9 adders
  A shadow imp (D:7)
  A white imp (D:4)
  2 oozes
  An adder zombie (D:7)
  4 worms
  2 dart slugs
  4 leopard geckos
  11 orcs
  A ball python (D:1)
  8 bats
  12 giant cockroaches
  6 goblins
  6 hobgoblins
  6 jackals
  10 kobolds
  5 quokkas
  7 frilled lizards
  A leopard gecko skeleton (D:4)
  A quokka skeleton (D:4)
  5 rats
132 creatures vanquished.

Notes
Turn   | Place    | Note
-------+----------+-------------------------------------------
     0 | D:1      | inc the Felid Wizard began the quest for the Orb.
     0 | D:1      | Reached XP level 1. HP: 7/7 MP: 5/5
    20 | D:1      | Reached skill level 1 in Conjurations
   207 | D:1      | Reached XP level 2. HP: 7/11 MP: 0/7
  1192 | D:1      | Reached XP level 3. HP: 13/14 MP: 4/8
  2020 | D:2      | Noticed Terence
  2296 | D:2      | Reached XP level 4. HP: 13/18 MP: 1/9
  3210 | D:3      | Noticed bmj180's ghost (amateur MfFi)
  3234 | D:3      | Reached XP level 5. HP: 21/21 MP: 2/10
  3609 | D:3      | Learned a level 3 spell: Ozocubu's Armour
  3899 | D:2      | Killed Terence
  3899 | D:2      | Reached skill level 5 in Conjurations
  4109 | D:3      | Found a shadowy altar of Dithmenos.
  4337 | D:4      | Noticed an ogre
  4356 | D:4      | Killed an ogre
  4356 | D:4      | Reached skill level 1 in Ice Magic
  4356 | D:4      | Gained mutation: You are covered in thick fur. (AC +2) [Felid growth]
  4356 | D:4      | Reached XP level 6. HP: 24/24 MP: 3/11
  4505 | D:4      | Noticed a slave
  4505 | D:4      | Noticed a slave
  4506 | D:4      | Noticed a slave
  4507 | D:4      | Noticed Pikel
  4515 | D:4      | Noticed a slave
  4907 | D:5      | Entered Level 5 of the Dungeon
  4914 | D:5      | Reached skill level 2 in Ice Magic
  5000 | D:5      | Noticed Menkaure
  5011 | D:5      | Noticed a sky beast
  5022 | D:5      | Killed a sky beast
  5137 | D:5      | Noticed a sky beast
  5145 | D:5      | Killed a sky beast
  5145 | D:5      | Reached skill level 3 in Ice Magic
  5145 | D:5      | Reached XP level 7. HP: 8/27 MP: 3/12
  5562 | D:5      | Found a sparkling altar of Nemelex Xobeh.
  6123 | D:6      | Reached skill level 5 in Charms
  6168 | D:6      | Reached skill level 4 in Ice Magic
  6264 | D:6      | Found a staircase to the Ecumenical Temple.
  6271 | D:6      | Noticed Prince Ribbit
  6299 | Temple   | Entered the Ecumenical Temple
  6330 | Temple   | Became a worshipper of Ashenzari the Shackled
  6855 | D:3      | Learned a level 4 spell: Summon Ice Beast
  6925 | D:3      | Learned a level 4 spell: Throw Icicle
  7038 | D:5      | Killed Menkaure
  7388 | D:6      | Reached XP level 8. HP: 31/31 MP: 6/13
  7553 | D:6      | Learned a level 1 spell: Freeze
  7697 | D:6      | Found Sauc's Antique Armour Shop.
  7807 | D:7      | Reached * piety under Ashenzari
  7807 | D:7      | Noticed Duvessa
  7809 | D:7      | Noticed Dowan
  7927 | D:8      | Found a burning altar of Makhleb.
  7927 | D:8      | Found a glowing golden altar of the Shining One.
  7929 | D:8      | Found a radiant altar of Vehumet.
  7930 | D:8      | Found an ancient bone altar of Kikubaaqudgha.
  7930 | D:8      | Found a hazy altar of Hepliaklqana.
  7930 | D:8      | Found a white marble altar of Elyvilon.
  7931 | D:8      | Noticed Grum
  7955 | D:8      | HP: 1/31 [wolf[Grum] (7)]
  7984 | D:7      | Slain by an ogre
  7985 | D:7      | Reached XP level 7. HP: 0/27 MP: 1/12
  8002 | D:7      | Found a stormy altar of Qazlal.
  8159 | D:7      | Noticed a human
  8159 | D:7      | Noticed a yak
  8159 | D:7      | Noticed a hog
  8160 | D:7      | Noticed a hog
  8161 | D:7      | Noticed a hog
  8181 | D:6      | Killed a hog
  8181 | D:6      | Reached skill level 5 in Ice Magic
  8348 | D:6      | Killed a hog
  8676 | D:5      | Killed a human
  8676 | D:5      | Reached XP level 8. HP: 26/31 MP: 1/13
  8867 | D:5      | Killed Prince Ribbit
  8867 | D:5      | Reached skill level 6 in Ice Magic
  8977 | D:6      | Slain by a yak
  8978 | D:6      | Reached XP level 7. HP: -3/27 MP: 4/12
  9020 | D:6      | Killed a yak
  9020 | D:6      | Reached skill level 5 in Summonings
  9211 | D:8      | Noticed a two-headed ogre
  9212 | D:8      | Noticed a vampire mosquito
  9212 | D:8      | Noticed a vampire mosquito
  9216 | D:8      | Killed a vampire mosquito
  9226 | D:8      | Slain by a vampire mosquito

Skill      XL: |  1  2  3  4  5  6  7  8 |
---------------+-------------------------+-----
Conjurations   | 1 2 3 4 5 |  5.6
Charms         | 2 4 5 |  5.5
Ice Magic      | 1 3 5 6 |  6.6
Summonings     | 5 |  5.4
Dodging        | |  2.6
Stealth        | |  2.6
Spellcasting   | |  3.0
Translocations | |  1.5

Action                   |  1- 3 |  4- 6 |  7- 9 || total
-------------------------+-------+-------+-------++-------
Melee: Unarmed           |    11 |       |     8 ||    19
       Bite              |     1 |       |       ||     1
 Cast: Magic Dart        |   109 |   189 |   143 ||   441
       Freeze            |       |       |    53 ||    53
       Ozocubu's Armour  |       |       |    10 ||    10
       Throw Icicle      |       |       |     7 ||     7
Invok: Curse Item        |       |       |     1 ||     1
  Use: Scroll            |       |     5 |       ||     5
       Potion            |       |       |     3 ||     3
 Stab: Sleeping          |     1 |       |       ||     1
  Eat: Chunk             |     2 |     4 |     9 ||    15
Armor: Skin              |     5 |     3 |    20 ||    28
Dodge: Dodged            |    39 |    39 |   106 ||   184
